 Dungeon Crawl Stone Soup version 0.26-a0-651-gb41185065b (webtiles) character file.

Game seed: 18130843618414600275

(classic levelgen) 86 EnegeticOcto the Covered (level 4, -1/42 HPs)
             Began as a Deep Dwarf Fighter on Sept 30, 2020.
             Slain by a great orb of eyes (2 damage)
             ... on level 1 of the Abyss.
             The game lasted 00:00:39 (561 turns).

EnegeticOcto the Covered (Deep Dwarf Fighter)        Turns: 561, Time: 00:00:40

Health: -1/42      AC:  7    Str: 20    XL:     4   Next: 27%
Magic:  0/3        EV:  7    Int:  9    God:
Gold:   75         SH:  9    Dex: 12    Spells: 3/3 levels left

rFire    . . .     SeeInvis +   a - +0 war axe
rCold    . . .     Faith    .   c - +0 kite shield
rNeg     . . .     Spirit   .   b - +0 scale mail
rPois    .         Reflect  .   (no helmet)
rElec    .         Harm     .   (no cloak)
rCorr    .         Rampage  .   (no gloves)
MR       .....                  (no boots)
Stlth    ..........             (no amulet)
HPRegen  0.00/turn              e - ring of see invisible
MPRegen  0.08/turn              (no ring)

@: non-regenerating
A: damage resistance, heal wounds, sense surroundings 1, no regeneration
a: Heal Wounds


You were on level 1 of the Abyss.
You visited 1 branch of the dungeon, and saw 4 of its levels.
You visited the Abyss 1 time.

You collected 75 gold pieces.

Inventory:

Hand Weapons
 a - a +0 war axe (weapon)
Missiles
 g - a throwing net (quivered)
Armour
 b - a +0 scale mail (worn)
 c - a +0 kite shield (worn)
Jewellery
 e - a ring of see invisible (left hand)
Wands
 h - a wand of enslavement (9)
Scrolls
 f - a scroll of remove curse {unknown}
 i - 2 scrolls of enchant armour {unknown}
 j - a scroll of teleportation {unknown}
 k - a scroll of identify {unknown}
Potions
 d - a potion of might {@q3}


   Skills:
 + Level 3.2 Fighting
 * Level 3.5 Axes
 + Level 3.8 Armour
 + Level 3.8 Shields


You had 3 spell levels left.
You didn't know any spells.
Your spell library was empty.

Dungeon Overview and Level Annotations

Branches:
Dungeon (4/15)
 Temple: D:4-7

Altars:

Shops:
D:4 ?


Innate Abilities, Weirdness & Mutations

You are resistant to damage.
You can heal yourself by infusing magical energy.
You passively map a small area around you.
You do not regenerate.


Message History

You feel much better.
The orc wizard points at you and mumbles some strange words.
You resist with some effort. You block the orc's attack.
You hit the orc.
The orc is almost dead.
You hit the orc wizard but do no damage.
The orc wizard hits you but does no damage.
The orc hits you but does no damage. Space warps horribly around you!
The orc wizard hits you but does no damage.
The orc hits you with a +0 hand axe of distortion.
You are cast into the Abyss!
To return, you must find a gate leading back.
Killing monsters will force the Abyss to allow you passage.
This branch contains the abyssal rune of Zot.
You now have enough gold to buy a scroll of magic mapping on D:4.
You can access your shopping list by pressing '$'.
You now have 75 gold pieces (gained 57).
A great orb of eyes comes into view.
The great orb of eyes turns its gaze towards you.
A great orb of eyes is nearby!
A great orb of eyes is nearby!
The iron imp shouts, "Get thee gone, thou currish rhino-raveling codpiece!"
The great orb of eyes gazes at you.
You are confused.
You are too confused!
You are too confused!
You are too confused!
You are too confused!
You are too confused!
You are too confused!
You are too confused!
You are too confused!
You are too confused!
You are too confused!
You are too confused!
You are too confused!
You are too confused!
You are too confused!
You are too confused!
You are too confused!
Unknown command.
You're too confused!
You are too confused!
You are too confused!
You are too confused!
You are too confused!
You are too confused!
You are too confused!
You are too confused!
You are too confused!
You hit the great orb of eyes.
The great orb of eyes is lightly wounded.
The great orb of eyes bites you. The great orb of eyes gazes at you.
You suddenly lose the ability to move!
The great orb of eyes bites you! The great orb of eyes gazes at you.
You shrug off the repeated paralysis!
You feel less confused. The great orb of eyes bites you. The iron imp hits you.
You can move again.
You hit the great orb of eyes but do no damage.
The great orb of eyes is lightly wounded.
Your shield prevents you from hitting the iron imp.
A large abomination comes into view.
The great orb of eyes bites you!
* * * LOW HITPOINT WARNING * * *
The iron imp hits you.
You hit the great orb of eyes.
The great orb of eyes is lightly wounded.
You barely miss the iron imp. The great orb of eyes gazes at you.
You feel your power leaking away. The iron imp completely misses you.
You slash the great orb of eyes!
The great orb of eyes is lightly wounded.
You hit the iron imp. The great orb of eyes bites you!
* * * LOW HITPOINT WARNING * * *
The iron imp closely misses you.
The great orb of eyes barely misses you.
You hit the great orb of eyes.
The great orb of eyes is moderately wounded.
You barely miss the iron imp. The great orb of eyes gazes at you.
You block the iron imp's attack.
You slash the great orb of eyes!
The great orb of eyes is moderately wounded.
You hit the iron imp.
The great orb of eyes barely misses you.
The iron imp closely misses you. The great orb of eyes gazes at you.
You struggle to resist.
You hit the great orb of eyes.
The great orb of eyes is moderately wounded.
You barely miss the iron imp. The iron imp barely misses you.
You block the great orb of eyes's attack.
You barely miss the great orb of eyes.
The great orb of eyes is moderately wounded.
You barely miss the iron imp. The great orb of eyes bites you.
You die...

.# ..# ## ###
..# ##
#.##..#.. ...
#....#.. ..
#......
..#.##.G#### #
#..#..@...# #.
#..#5###.....
.#.##...X.
...... .##.
#..#... # . #.
. #.ยง.#.#.. ..
.#...###.......
#...# .....#
###.##..#
.##.... .
..##..#..##
....


You could see a great orb of eyes, a large abomination and an iron imp.

Vanquished Creatures
  4 gnolls (D:2)
  3 adders
  A leopard gecko (D:3)
  2 ball pythons
  3 giant cockroaches
  A hobgoblin (D:3)
  A kobold (D:2)
  3 bats
  3 goblins
  A jackal skeleton (D:4)
  2 rats
24 creatures vanquished.

Notes
Turn   | Place    | Note
-------+----------+-------------------------------------------
     0 | D:1      | EnegeticOcto the Deep Dwarf Fighter began the quest for the
                  | Orb.
     0 | D:1      | Reached XP level 1. HP: 20/20 MP: 1/1
    86 | D:2      | Reached XP level 2. HP: 27/27 MP: 2/2
    94 | D:2      | Reached XP level 3. HP: 15/34 MP: 3/3
   390 | D:3      | Reached XP level 4. HP: 33/42 MP: 3/3
   460 | D:4      | Found Adahib's Magic Scroll Shop.
   513 | D:4      | Cast into level 1 of the Abyss (orc)
   547 | Abyss:1  | Noticed a great orb of eyes
   551 | Abyss:1  | Paralysed by a great orb of eyes for 4 turns
   555 | Abyss:1  | Noticed a large abomination
   557 | Abyss:1  | HP: 1/42 [great orb of eyes (6)]
   561 | Abyss:1  | Slain by a great orb of eyes

Illustrated notes

Levels and vault maps discovered:
D:1:      tarquinn_simple_flora_water_c, layout_loops_corners,
          serial_park_tiny_2
D:2:      layout_loops_ring, uniq_crazy_yiuf_cottage
D:3:      layout_basic
D:4:      layout_loops_ring, grunt_temple_overflow_cloverleaf,
          minmay_temple_entry_tees, serial_rivers,
          chequers_serial_rivers_small_b, chequers_serial_rivers_small_3,
          chequers_serial_rivers_small_a, chequers_serial_rivers_room_b,
          chequers_serial_rivers_room_b, serial_shops, shop
Abyss:1:  base:
D:2

Skill      XL: |  1  2 |
---------------+-------+-----
Fighting       | 3 |  3.2
Axes           | 3 |  3.5
Armour         | |  3.8
Shields        | |  3.8

Action                   |  1- 3 |  4- 6 || total
-------------------------+-------+-------++-------
Melee: War axe           |    57 |    51 ||   108
 Abil: Heal Wounds       |     1 |     1 ||     2
Armor: Scale mail        |    26 |    29 ||    55
Dodge: Dodged            |    26 |    22 ||    48
Block: Kite shield       |    37 |    30 ||    67

Table legend: (Time is in decaauts)
 A = Elapsed time spent in this place.
 B = Non-inter-level travel time spent in this place.
 C = Inter-level travel time spent in this place.
 D = Time resting spent in this place.
 E = Time spent auto-exploring this place.
 F = Levels seen in this place.
 G = Mean time per level.
                   A        B        C        D        E       F      G
               +--------+--------+--------+--------+--------+-----+--------+
         Total |    604 |    559 |     45 |      0 |    306 |   5 |  120.8 |
       Dungeon |    553 |    508 |     45 |      0 |    273 |   4 |  138.2 |
         Abyss |     51 |     51 |      0 |      0 |     33 |   1 |   51.0 |
               +--------+--------+--------+--------+--------+-----+--------+

Top non-repeatable levels by time:
     D:2: 331 daAuts
     D:3: 106 daAuts
     D:4: 60 daAuts
     D:1: 55 daAuts
 Abyss:1: 51 daAuts
